 Dungeon Crawl Stone Soup version 0.31-a0-183-g4352c244c2 (webtiles) character file.

Game seed: 10282935274551260535

219 Hajna the Chopper (level 5, -7/47 HPs)
             Began as a Hill Orc Monk on June 21, 2023.
             Was a Believer of Beogh.
             Mangled by an ogre
             ... wielding a +0 giant spiked club
              (16 damage)
             ... on level 4 of the Dungeon.
             The game lasted 00:06:22 (2103 turns).

Hajna the Chopper (Hill Orc Monk)                   Turns: 2103, Time: 00:06:23

Health: -7/47      AC:  7    Str: 16    XL:     5   Next: 96%
Magic:  1/4        EV:  6    Int: 10    God:    Beogh [**....]
Gold:   143        SH: 13    Dex: 20    Spells: 4/4 levels left

rFire   + . .        a - +0 hand axe
rCold   . . .        q - +0 tower shield "Walaump" {Contam rF+ Dex+7}
rNeg    . . .        m - +0 scale mail
rPois   .            v - +0 helmet
rElec   .            (no cloak)
rCorr   .            (no gloves)
SInv    .            (no boots)
Will    +....        (no amulet) Stlth
                     (no ring)
HPRegen 0.27/turn    (no ring)
MPRegen 0.09/turn

%: no passive effects
@: enlightened, flying
A: low MP 1
a: Renounce Religion, Smiting


You were on level 4 of the Dungeon.
You worshipped Beogh.
Beogh was pleased with you.
You visited 1 branch of the dungeon, and saw 4 of its levels.

You collected 143 gold pieces.

Inventory:

Hand Weapons
 a - a +0 hand axe (weapon)
Missiles
 r - 8 boomerangs
Armour
 f - a scarf of shadows
 m - a +0 scale mail (worn)
 q - the +0 tower shield "Walaump" (worn) {Contam rF+ Dex+7}
   (You found it on level 2 of the Dungeon)

   Dex:       It affects your dexterity (+7).
   rF:        It protects you from fire.
   Contam:    It causes magical contamination when unequipped.
 v - a +0 helmet (worn)
Wands
 d - a wand of polymorph (6)
Scrolls
 h - 4 scrolls of amnesia {unknown}
 i - 2 scrolls of teleportation {unknown}
 j - a scroll of fear {unknown}
 l - 6 scrolls of identify {unknown}
 o - a scroll of blinking {unknown}
 s - a scroll of revelation {unknown}
Potions
 c - a potion of ambrosia
 e - 2 potions of mutation
 g - 2 potions of resistance {unknown}
 n - 3 potions of cancellation {unknown}
 p - a potion of heal wounds {unknown}
 t - a potion of magic
 u - a potion of attraction {unknown}


   Skills:
 + Level 4.7 Fighting
 + Level 6.7 Axes
 + Level 0.9 Armour
 + Level 2.8 Dodging
 + Level 0.1 Stealth
 * Level 1.7 Shields
 + Level 0.1 Unarmed Combat


You had 4 spell levels left.
You didn't know any spells.
Your spell library contained the following spells:

 Spells                   Type           Power      Damage    Failure   Level
 Lesser Beckoning         Tloc           0%         N/A       100%        2
 Gell's Gravitas          Tloc           0%         N/A       100%        3
 Teleport Other           Tloc           0%         N/A       100%        3


Dungeon Overview and Level Annotations

Branches:
Dungeon (4/15)
 Temple: D:4-7

Altars:


Innate Abilities, Weirdness & Mutations

Your magical capacity is low. (-10% MP)


Message History

The orc priest hits you with a +0 flail. x2
You closely miss the orc priest.
The orc priest is almost dead.
The orc priest miscasts a cantrip.
You closely miss the orc priest.
The orc priest is almost dead.
You block the orc priest's attack.
You closely miss the orc priest.
The orc priest is almost dead.
The orc priest closely misses you.
The orc priest invokes the aid of Beogh against you.
Beogh smites you!
You are too injured to fight recklessly!
You hit the orc priest.
You kill the orc priest!
Beogh accepts your kill.
Beogh appreciates your killing of a heretic priest.
It was a potion of magic.
Magic courses through your body. You block the ogre's attack.
You hit the ogre.
The ogre is lightly wounded.
You block the ogre's attack.
You hit the ogre.
The ogre is lightly wounded.
The ogre hits you with a +0 giant spiked club!
* * * LOW HITPOINT WARNING * * *
It was a potion of mutation.
You feel extremely strange.
You feel less energetic.
Aiming: Smiting
Press: ? - help, Dir - move target, f - ogre Smite: an ogre, wielding a +0 giant spiked club (lightly wounded)
You smite the ogre!
The ogre is heavily wounded.
You block the ogre's attack.
Okay, then.
It was a potion of enlightenment.
You feel very buoyant.
You fly up into the air.
The ogre hits you with a +0 giant spiked club!
You die...

#.# #.# ## #o# . #
#.# .#
#.##.####.####
#.........#..
#####....# #.#
#..SO@)..###.######)
#.#####.....<.......
##.###.######. #.#
#.# #.# #.# #.# #.#
#.# #.. ..# ### ..


You could see an ogre, an adder and a neutral orc priest (wandering).

Vanquished Creatures
  An orc priest (D:4)
  Jessica (D:2)
  Terence (D:2)
  Ijyb (D:3)
  Robin (D:3)
  An adder (D:2)
  A dart slug (D:2)
  2 orcs
  7 endoplasms
  4 giant cockroaches
  13 goblins
  13 hobgoblins
  8 jackals (D:1)
  6 kobolds
  2 quokkas
  5 ball pythons
  9 bats
  3 frilled lizards
  8 rats
87 creatures vanquished.

Vanquished Creatures (others)
  3 orcs (D:4)
3 creatures vanquished.

Grand Total: 90 creatures vanquished

Notes
Turn   | Place    | Note
-------+----------+-------------------------------------------
     0 | D:1      | Hajna the Hill Orc Monk began the quest for the Orb.
     0 | D:1      | Reached XP level 1. HP: 19/19 MP: 1/1
    40 | D:1      | Found a faded altar of an unknown god.
    65 | D:1      | Reached XP level 2. HP: 27/27 MP: 2/2
   223 | D:1      | Reached XP level 3. HP: 27/33 MP: 3/3
   519 | D:2      | Reached skill level 5 in Axes
   570 | D:2      | Noticed Terence
   581 | D:2      | Killed Terence
   582 | D:2      | Reached XP level 4. HP: 38/41 MP: 4/4
   955 | D:2      | Identified the +0 tower shield "Walaump" {Contam rF+ Dex+7}
  1010 | D:2      | Noticed Jessica
  1019 | D:2      | Killed Jessica
  1020 | D:2      | Reached skill level 6 in Axes
  1020 | D:2      | Reached XP level 5. HP: 46/47 MP: 5/5
  1458 | D:3      | Noticed Robin
  1587 | D:3      | Killed Robin
  1620 | D:3      | Reached skill level 1 in Shields
  1697 | D:3      | Noticed Ijyb
  1724 | D:3      | Killed Ijyb
  2073 | D:4      | Became a worshipper of Beogh the Brigand
  2073 | D:4      | Reached * piety under Beogh
  2073 | D:4      | Reached ** piety under Beogh
  2076 | D:4      | Noticed an ogre
  2101 | D:4      | Gained mutation: Your magical capacity is low. (-10% MP)
                  | [potion of mutation]
  2103 | D:4      | Mangled by an ogre

Illustrated notes

Levels and vault maps discovered:
D:1:      eino_arrival_cavern_d, layout_rooms, shapermc_ecumenical_altar_venn
D:2:      layout_basic, uniq_jessica, uniq_terence
D:3:      layout_loops_ring, minmay_cut_off, uniq_ijyb, uniq_robin
D:4:      layout_loops_ring, temple_statues

Skill      XL: |  1  2  3  4  5 |
---------------+----------------+-----
Fighting       | 4 |  4.7
Axes           | 5 6 |  6.7
Shields        | 1 |  1.7
Armour         | |  0.9
Dodging        | |  2.8
Stealth        | |  0.1
Unarmed Combat | |  0.1

Action                     |  1- 3 |  4- 6 || total
---------------------------+-------+-------++-------
  Melee: Hand axe          |    77 |   147 ||   224
         Unarmed           |       |    17 ||    17
 Invoke: Smiting           |       |     1 ||     1
         Convert to Beogh  |       |     1 ||     1
    Use: Potion            |       |     3 ||     3
 Armour: Robe              |    11 |       ||    11
         Scale mail        |     4 |    54 ||    58
         Skin              |       |     3 ||     3
  Dodge: Dodged            |    48 |    53 ||   101
  Block: Tower shield      |       |    94 ||    94

Table legend: (Time is in decaauts)
 A = Elapsed time spent in this place.
 B = Non-inter-level travel time spent in this place.
 C = Inter-level travel time spent in this place.
 D = Time resting spent in this place.
 E = Time spent auto-exploring this place.
 F = Levels seen in this place.
 G = Mean time per level.
                   A        B        C        D        E       F      G
               +--------+--------+--------+--------+--------+-----+--------+
         Total |   2155 |   2084 |     71 |      0 |   1531 |   4 |  538.8 |
       Dungeon |   2155 |   2084 |     71 |      0 |   1531 |   4 |  538.8 |
               +--------+--------+--------+--------+--------+-----+--------+

Top non-repeatable levels by time:
     D:2: 861 daAuts
     D:3: 782 daAuts
     D:1: 472 daAuts
     D:4: 39 daAuts
